[Event "Oceania Zonal Open 2023"]
[Site "Melbourne"]
[Date "2023.01.25"]
[Round "4.12"]
[White "Kethro, Michael"]
[Black "Ning, Isabelle Yixuan"]
[Result "1-0"]
[ECO "E94"]
[WhiteElo "2149"]
[BlackElo "1949"]
[Annotator "TA"]
[PlyCount "62"]
[EventDate "2023.01.09"]
[EventType "swiss"]
[EventCountry "AUS"]
[SourceTitle "playchess.com"]
[Source "ChessBase"]
[SourceQuality "1"]
[TimeControl "5400+30"]

1. d4 Nf6 2. c4 g6 3. Nc3 Bg7 4. e4 d6 5. Nf3 O-O 6. Be2 Nbd7 7. O-O e5 8. Be3 Qe7 9. Qc2 c6 10. Rad1 h6 {[%emt 0:02:47] 10...h6 is better than 10...exd4. E94: King's Indian: Classical: 6 Be2 e5 7 0-0: Various Black 7th moves.} 11. d5 c5 {[%emt 0:01:22] [#]} 12. Nd2 $146 {[%emt 0:05:13] White has more active pieces. The black rooks are badly placed.} ({Predecessor:} 12. Ne1 Kh8 13. Nd3 Ng8 14. a3 b6 15. b4 Ba6 16. bxc5 Nxc5 17. Nb4 Bc8 18. a4 {0-1 Shankland,S (2731)-Rapport,R (2735) Saint Louis Champions Showdown blitz 2019 (2.5)}) 12... Nb6 {[%emt 0:08:34] White is better.} 13. a3 Ng4 14. Bxg4 $1 Bxg4 {[%emt 0:00:08] White stays focused until the end.} 15. Rb1 f5 {[%emt 0:09:33] [#] aiming for ...f4.} 16. f3 Bh5 17. b4 {[%emt 0:02:13] Threatens to win with bxc5.} f4 18. Bf2 cxb4 (18... Nd7 $16) 19. axb4 $18 Rac8 (19... Nc8 {was necessary.} 20. c5 g5) 20. Nb5 Nd7 21. Nxa7 ({Not} 21. Bxa7 b6 22. Ra1 Rf6 $18) 21... Ra8 22. Nb5 {[%emt 0:02:12][%cal Ba7b5,Bb5c7,Bc7e6][%mdl 32] And now c5 would win.} g5 23. Nc7 Rac8 24. Ne6 Rf6 25. c5 g4 (25... Rxe6 $142 26. dxe6 Qxe6) 26. Bh4 {[%emt 0:07:50][%mdl 64] [#] Skewer} g3 27. h3 {[%emt 0:04:21] White is clearly winning.} dxc5 (27... Bf7 $142 28. Nxg7 Kxg7 29. Bxf6+ Kxf6) 28. bxc5 Nxc5 29. Rfc1 b6 30. Nxg7 Qxg7 31. Bxf6 Qxf6 {[%emt 0:00:09] Weighted Error Value: White=0.26 (precise) /Black=0.61} 1-0

[Event "Oceania Zonal Open 2023"]
[Site "Melbourne"]
[Date "2023.01.26"]
[Round "4.12"]
[White "Saisiddharth Naraharasetty"]
[Black "Morris, James"]
[Result "0-1"]
[ECO "B40"]
[WhiteElo "1769"]
[BlackElo "2456"]
[Annotator "TA"]
[PlyCount "106"]
[EventDate "2023.01.09"]
[EventType "swiss"]
[EventCountry "AUS"]
[SourceTitle "playchess.com"]
[Source "ChessBase"]
[SourceQuality "1"]
[TimeControl "5400+30"]

1. e4 c5 2. Nf3 e6 3. b3 a6 4. Bb2 Nc6 5. Be2 Qc7 6. O-O {[%emt 0:10:07] B40: Sicilian: 2...e6, Unusual lines.} Nf6 7. d3 Be7 8. Re1 {[%emt 0:00:33] The position is equal.} O-O 9. Nbd2 d5 10. exd5 Nxd5 11. Bf1 {[%emt 0:02:10] [#]} Rd8 $146 ({Predecessor:} 11... Bf6 12. Bxf6 Nxf6 13. Qc1 b6 14. Qb2 Bb7 15. Rad1 Rad8 16. c3 Rd5 17. a3 a5 {0-1 Galego,L (2330)-Horvath,C (2345) Oakham YM 1986 (4)}) 12. g3 b5 13. Ne4 h6 14. Qe2 Nb6 15. c4 Nd4 (15... e5 $11) 16. Nxd4 $14 cxd4 {[%emt 0:00:06] [#]} 17. c5 $1 Nd5 18. Bxd4 Nb4 19. Bc3 (19. Be3 $5) 19... Nxd3 20. Red1 (20. Qg4 $2 e5 21. Qf3 Nxe1 22. Rxe1 Be6 $19) 20... Nxc5 21. Rxd8+ (21. Qg4 e5 22. Qe2 Rxd1 23. Rxd1 f6 24. Nxc5 Bxc5 $17) 21... Qxd8 22. Nxc5 Bxc5 23. Bg2 {[%emt 0:00:26] Inhibits Bb7.} (23. Rd1 $1 $11 Qc7 24. b4) 23... Ra7 $15 24. Rc1 Bf8 (24... Rc7 $5 ) 25. Ba5 {[%emt 0:01:25][%mdl 64] [#] Deflection} Qxa5 26. Rxc8 Rd7 {[%emt 0:02:05] Wards off Qd3} 27. Rc2 {[%emt 0:01:20] Repels Rd2} g6 28. h4 h5 29. Be4 Qd8 30. Kg2 Bg7 (30... Rd6 $17) 31. a4 (31. Bxg6 $1 $11 {might be stronger.} fxg6 32. Qxe6+ Kf8 33. Qxa6) 31... Rd4 32. Bb7 {[%emt 0:00:57] Rc8 would be deadly.} Qb6 (32... bxa4 $2 33. Rc8 (33. Bxa6 $2 Qd5+ 34. Qf3 axb3 $19) 33... axb3 34. Rxd8+ Rxd8 35. Qxa6 $18) 33. Rc8+ Bf8 $1 34. Bf3 (34. Bc6 $1 $15) 34... bxa4 $19 35. bxa4 Rxa4 36. Qd2 Rd4 (36... Qb4 37. Qd7 Ra5 38. Be2 $17) ({Better is} 36... a5 $19 37. Bc6 (37. Qh6 $2 Qc5 $19) 37... Rd4) 37. Qe3 $17 ({Not} 37. Qh6 $2 Rd8 38. Qc1 Qd4 $19) 37... a5 38. Ra8 ({Don't go for} 38. Qh6 $2 Rd8 39. Rxd8 Qxd8 $19) 38... Rb4 39. Qxb6 ({Avoid the trap} 39. Qh6 $2 Qc5 40. Qg5 Qxg5 41. hxg5 Rb5 $19) 39... Rxb6 40. Rxa5 $15 {[%emt 0:00:14][%mdl 4096] Endgame KRB-KRB} Rb2 41. Re5 Bg7 42. Re2 Rb3 43. Rd2 Be5 44. Bd1 Ra3 45. Be2 Kf8 46. Rd3 Ra2 47. Kf3 Ke7 {[%emt 0:00:07] Black is more active.} 48. Rb3 Bd4 49. Rd3 (49. Rb4 $142 Rd2 50. Kg2) 49... e5 $17 {[%emt 0:00:07][%cal Be6e5,Be5e4][%mdl 32] ...Bc5 is the strong threat.} 50. Rb3 $2 {[%emt 0:00:51][%mdl 8192] Loses the game.} (50. Rd1 $17) 50... f5 $19 {[%emt 0:00:37] And now ...e4+ would win.} 51. Rb7+ Kd6 52. Rf7 e4+ {[%emt 0:00:06][%mdl 64] Deflection} 53. Kf4 Rxe2 {[%emt 0:00:06] Weighted Error Value: White=0.45/Black=0.10 (very precise)} 0-1

[Event "Oceania Zonal Open 2023"]
[Site "Melbourne"]
[Date "2023.01.25"]
[Round "5.1"]
[White "Kuybokarov, Temur"]
[Black "Lane, Gary W"]
[Result "1-0"]
[ECO "C78"]
[WhiteElo "2558"]
[BlackElo "2343"]
[Annotator "TA"]
[PlyCount "55"]
[EventDate "2023.01.09"]
[EventType "swiss"]
[EventCountry "AUS"]
[SourceTitle "playchess.com"]
[Source "ChessBase"]
[SourceQuality "1"]
[TimeControl "5400+30"]

1. e4 e5 2. Nf3 Nc6 3. Bb5 a6 4. Ba4 Nf6 5. O-O b5 6. Bb3 Bb7 7. Re1 Bc5 8. c3 d6 9. d4 Bb6 10. a4 O-O 11. Bg5 h6 12. Bh4 Re8 {[%emt 0:02:42] C78: Ruy Lopez: Archangelsk and Möller Defences.} (12... exd4 $11 13. cxd4 g5) 13. Qd3 $5 {[%emt 0:16:10][%mdl 4] An interesting side line.} (13. axb5 $16 axb5 14. Rxa8 Bxa8 15. d5) 13... Na5 {[%emt 0:16:40] [#]} 14. Ba2 $146 ({Predecessor:} 14. Bc2 c5 15. d5 c4 16. Qe2 Bc8 17. Nbd2 Bd7 {½-½ Shchekachev,A (2465)-Rausis,I (2460) Moscow4 1992}) 14... c5 (14... exd4 $11 15. cxd4 Rxe4) 15. axb5 $14 {[%emt 0:05:45] dxc5 would be deadly.} axb5 ({Black should try} 15... exd4 $14 16. Nbd2 axb5 17. Bxf6 Qxf6 18. Qxb5 dxc3 19. bxc3 Qd8) 16. Bxf6 $16 Qxf6 17. Qxb5 Qd8 18. dxc5 dxc5 19. Na3 Qc7 20. Rad1 {[%emt 0:02:21] Strongly threatening Rd7. White is much more active.} Ba6 {[%emt 0:06:24] [#]} 21. Bxf7+ $1 {[%emt 0:10:25][%mdl 64] Double Attack} Kf8 (21... Kxf7 $16 {was worth a try.} 22. Rd7+ Kf6 23. Rxc7 Bxb5 24. Nxb5 Rad8) 22. Qd7 $18 Re7 23. Qxc7 ({Don't do} 23. Qd5 Bb7 $18) 23... Bxc7 24. Bd5 Rb8 25. Nh4 Ke8 26. Nf5 Rd7 27. Be6 Rxd1 28. Rxd1 {[%emt 0:00:05] Weighted Error Value: White=0.10 (very precise) /Black=0.43} 1-0

[Event "Oceania Zonal Open 2023"]
[Site "Melbourne"]
[Date "2023.01.25"]
[Round "5.2"]
[White "Liu, Yi"]
[Black "Zhao, Zong-Yuan"]
[Result "0-1"]
[WhiteElo "2303"]
[BlackElo "2488"]
[Annotator "TA"]
[PlyCount "16"]
[EventDate "2023.01.09"]
[EventType "swiss"]
[EventCountry "AUS"]
[SourceTitle "playchess.com"]
[Source "ChessBase"]
[SourceQuality "1"]
[TimeControl "5400+30"]

1. d4 Nf6 2. Nf3 d5 3. Bf4 c5 4. e3 Nc6 5. Nbd2 Bg4 6. h3 {[%emt 0:00:07] D02: 1 d4 d5 2 Nf3 sidelines, including 2...Nf6 3 g3 and 2...Nf6 3 Bf4.} Bxf3 7. Nxf3 e6 8. Bb5 $2 {[%emt 0:01:15][%mdl 8192] [#]} (8. Be2 $11) 8... Qa5+ $146 {[%emt 0:00:21] Black took control after the opening.   Weighted Error Value: White=2.45/Black=0.05 (flawless)} ({Predecessor:} 8... Nd7 9. c4 dxc4 10. O-O cxd4 11. Nxd4 e5 12. Nxc6 bxc6 13. Bxc6 exf4 14. exf4 Rc8 {1-0 Sipila,V (2434)-Ibadov,D (2308) Titled Tuesday intern op 15th Nov Early blitz 2022 (4)}) 0-1

[Event "Oceania Zonal Open 2023"]
[Site "Melbourne"]
[Date "2023.01.25"]
[Round "5.3"]
[White "Sardana, Rishi"]
[Black "Gong, Patrick"]
[Result "0-1"]
[ECO "B08"]
[WhiteElo "2459"]
[BlackElo "2292"]
[Annotator "TA"]
[PlyCount "96"]
[EventDate "2023.01.09"]
[EventType "swiss"]
[EventCountry "AUS"]
[SourceTitle "playchess.com"]
[Source "ChessBase"]
[SourceQuality "1"]
[TimeControl "5400+30"]

1. e4 d6 2. d4 Nf6 3. Nc3 g6 4. Nf3 Bg7 5. Be2 O-O 6. O-O a6 7. a4 Nc6 8. Be3 {[%emt 0:01:32] B08: Pirc Defence: Classical System.} e5 9. dxe5 (9. d5 $5 Ne7 10. Nd2 $11) 9... dxe5 10. Qxd8 {[%emt 0:05:16] The position is equal.} Rxd8 11. Bc4 h6 12. h3 Re8 13. Rfd1 {[%emt 0:04:05] [#]} Be6 $146 ({Predecessor:} 13... Nb4 14. Bb3 Bf8 15. Nxe5 Rxe5 16. Bd4 Bd6 17. f4 Rxe4 18. Nxe4 Nxe4 19. Re1 c5 20. Rxe4 cxd4 {0-1 Gardner,L (1533)-Bulmaga,I (2424) Sitges Sunway 7th 2020 (2)}) 14. Bxe6 Rxe6 15. Nd5 Rc8 16. Nxf6+ Rxf6 17. c3 Rd6 18. g4 Nd8 19. Kf1 Ne6 20. Rxd6 cxd6 21. Ke2 Kf8 22. Kd3 Ke7 23. b4 Bf6 24. b5 d5 25. exd5 (25. Bxh6 $2 Nc5+ 26. Ke2 Nxe4 27. bxa6 Nxc3+ 28. Kf1 bxa6 $19) 25... e4+ {[%emt 0:00:34][%mdl 64] Decoy} 26. Kxe4 Rc4+ $1 27. Nd4 Nc5+ 28. Kf3 Rxc3 29. Kg2 Rc4 30. bxa6 {[%emt 0:00:19][%mdl 64] Deflection} bxa6 (30... Bxd4 $2 31. a7 Bxa1 32. a8=Q $18 (32. a8=B $2 {too greedy.} Bd4 $19)) 31. Nc6+ Kd6 32. Rd1 Nxa4 33. Bxh6 Nc3 34. Bf8+ Kc7 35. Rc1 Kb6 36. Rc2 a5 37. Kf3 (37. g5 $16 Bh8 38. Be7) 37... a4 $14 38. Ba3 (38. h4 $1 $14) 38... Nb1 $11 {[%emt 0:00:58][%mdl 64] Discovered Attack} 39. Rxc4 Nd2+ 40. Ke2 Nxc4 {[%emt 0:00:08][%mdl 4096] Endgame KBN-KBN} 41. Bf8 a3 {[%emt 0:00:47] Threatens to win with ...a2.} 42. Nb4 Kb5 43. Kd3 Nb6 44. Kc2 $2 {[%emt 0:00:40] [#]} (44. Na2 $1 $11) 44... Nxd5 $1 {[%emt 0:00:33][%mdl 576] Deflection, Promotion} 45. Na2 (45. Nxd5 $2 {perishes.} a2 46. Nxf6 (46. Nc7+ $2 Kc4 $19) 46... a1=Q $19) 45... Ka4 46. Bd6 {[%emt 0:00:15] [#]} g5 $1 47. f3 Bb2 48. Bc5 $2 (48. Bb8) 48... Kb5 {[%emt 0:00:42] Weighted Error Value: White=0.32/Black=0.09 (flawless)} 0-1

[Event "Oceania Zonal Open 2023"]
[Site "Melbourne"]
[Date "2023.01.25"]
[Round "5.4"]
[White "Fu, Yihe"]
[Black "Kethro, Michael"]
[Result "1-0"]
[ECO "B48"]
[WhiteElo "2149"]
[BlackElo "2149"]
[Annotator "TA"]
[PlyCount "65"]
[EventDate "2023.01.09"]
[EventType "swiss"]
[EventCountry "AUS"]
[SourceTitle "playchess.com"]
[Source "ChessBase"]
[SourceQuality "1"]
[TimeControl "5400+30"]

1. e4 c5 2. Nf3 e6 3. d4 cxd4 4. Nxd4 Nc6 5. Nc3 Qc7 6. Be3 a6 7. Qd2 Nf6 8. f3 Be7 {[%emt 0:05:05] B48: Sicilian: Taimanov: 5 Nc3 Qc7 6 Be3 a6 without Be2.} 9. O-O-O b5 10. Nxc6 dxc6 {[%emt 0:00:55] The position is equal.} 11. g4 e5 12. h4 Be6 13. Qf2 O-O 14. g5 Nh5 15. Bh3 Bxh3 16. Rxh3 Qc8 17. Rhh1 Qe6 18. Kb1 {[%emt 0:02:25] [#]} g6 $146 ({Predecessor:} 18... a5 19. Bc5 a4 20. Rd2 Rfd8 21. Rhd1 Rxd2 22. Rxd2 f6 23. gxf6 Qxf6 24. Bxe7 Qxe7 25. Qb6 Rc8 {1-0 Coll Sola,J (1959)-Sancho Castiello,F (1724) ESP-ch Seniors 65 2021 (3)}) 19. Ne2 Rad8 20. Ng3 Nf4 (20... Rxd1+ $11 21. Rxd1 Nxg3 22. Qxg3 Rd8) 21. Bxf4 $14 exf4 22. Ne2 Rxd1+ 23. Rxd1 f6 24. Qa7 (24. Nxf4 $6 Qf7 $11) ({White should play} 24. Qb6 $16) 24... fxg5 $11 25. Rd7 (25. Qxa6 Qc4 26. Nc1 (26. Nd4 $2 Rd8 $19) 26... g4 $17) 25... Bf6 (25... Qc4 $2 26. Rxe7 Rf7 27. b3 (27. hxg5 Rxe7 28. Qxe7 Qxe2 $11) 27... Rxe7 28. Qb8+ Kg7 29. bxc4 $18) (25... Rf7 $11) 26. hxg5 $16 {[%emt 0:00:30] White is more active.} (26. Rxh7 $2 {is the wrong capture.} Qe5 27. Nc3 Bg7 28. Rxg7+ Qxg7 29. Qxg7+ Kxg7 30. hxg5 Rh8 $19) 26... Be5 {[%emt 0:00:55] [#]} (26... Rd8 $16 {was called for.} 27. Rb7 (27. Rxh7 Rd1+ 28. Nc1 Bd4 $11) 27... Bxg5) 27. Rd3 (27. Rxh7 $18 {is more deadly. Hoping for Re7.} Rf7 28. Rxf7 Qxf7 29. Qa8+ Kh7 30. Qxc6) 27... Bh8 (27... h5 $16) 28. Qxa6 $18 Qe5 (28... h5 $142 29. gxh6 g5) 29. c3 (29. Qxc6 $2 Qxb2#) 29... Qc5 30. Qb7 Be5 31. Qd7 {[%emt 0:01:34] [#] Strongly threatening Qe6+.} Rb8 $2 (31... Bg7 32. Nd4 Bxd4) 32. Qe6+ Kf8 33. Rd7 {[%emt 0:00:42] Weighted Error Value: White=0.24 (precise) /Black=0.55} 1-0

[Event "Oceania Zonal Open 2023"]
[Site "Melbourne"]
[Date "2023.01.25"]
[Round "5.5"]
[White "Solomon, Stephen J"]
[Black "Koh, Cedric"]
[Result "1-0"]
[ECO "C67"]
[WhiteElo "2279"]
[BlackElo "1970"]
[Annotator "TA"]
[PlyCount "74"]
[EventDate "2023.01.09"]
[EventType "swiss"]
[EventCountry "AUS"]
[SourceTitle "playchess.com"]
[Source "ChessBase"]
[SourceQuality "1"]
[TimeControl "5400+30"]

1. e4 e5 2. Nf3 Nc6 3. Bb5 Nf6 4. O-O Nxe4 5. d4 Nd6 6. Bg5 Be7 7. Bxe7 Qxe7 8. Bxc6 dxc6 9. dxe5 Nf5 10. Qd2 {[%emt 0:03:18] C67: Ruy Lopez: Berlin Defence: 4 0-0 Nxe4.} Bd7 11. Nc3 O-O-O 12. Qf4 (12. Ne4 $11 {is more appropriate.}) 12... h6 $15 {[%emt 0:00:45] [#]} 13. h4 $146 {[%emt 0:00:08] [#]} (13. Rfd1 $15) ({Predecessor:} 13. Rad1 g5 14. Qe4 c5 15. Rfe1 Qe6 16. Na4 Qc6 17. Nc3 Qxe4 18. Nxe4 Bc6 19. Rxd8+ Rxd8 {0-1 Grasis,J (2106)-Antal,J (2252) LAT-SVK email 2011 [15]}) 13... g5 $1 $17 14. Qa4 Kb8 15. Rad1 gxh4 (15... c5 $142 16. Qe4 Nxh4 17. Nxh4 gxh4) 16. Qf4 Rdg8 (16... Bc8 {simplifies} 17. Rxd8 Rxd8 18. Re1 Be6) 17. Ne4 Bc8 18. Nf6 Rg6 (18... Rd8 $15) 19. Kh2 (19. Nxh4 Nxh4 20. Qxh4 Qxe5 21. Nd7+ Bxd7 22. Rxd7 Rc8 $15) (19. Rd2 $142) 19... h5 $11 20. Rd3 Ka8 (20... Nh6 $17 21. Qxh4 (21. Nxh5 $2 {loses.} Ng4+ {[%mdl 64] Discovered Attack} 22. Kh1 Rxh5 $19) 21... Ng4+ 22. Nxg4 Qxh4+ 23. Nxh4 hxg4) 21. Rfd1 (21. Ng5 $5) 21... a6 {[%emt 0:09:29] Black is weak on the dark squares} (21... Nh6 $142) 22. Qd2 {[%emt 0:04:14] Rd8 is the strong threat. Active counter play!} (22. Nxh4 $2 {perishes.} Nxh4 23. g3 Nf5 $19) (22. Ng5 $5 Nh6 23. f3 $11 (23. Qxh4 $2 Qxe5+ 24. Kh1 Qxf6 $19)) 22... Be6 ({Black should play} 22... h3 $11 23. gxh3 (23. g3 Ka7 $11) 23... Qe6) 23. Rd8+ $14 Rxd8 24. Qxd8+ Qxd8 25. Rxd8+ Ka7 26. a3 h3 27. gxh3 $16 Bc4 28. Nxh5 {[%emt 0:10:39] A dynamic duo of knights.} (28. b3 $16 Be2 29. Ne1) 28... Be2 $14 29. Nf4 $1 Bxf3 30. Nxg6 fxg6 {[%emt 0:00:05] [#]} 31. Rf8 ({White should try} 31. e6 $1 $16) 31... Bd5 $2 {[%emt 0:01:50] Loses the game.} (31... Kb6 $11 {and Black is okay.}) 32. Rf6 $18 {[%emt 0:00:17][%mdl 1024] White has strong compensation.} Ne7 (32... Kb6 $16) 33. Kg3 b5 $2 (33... Kb6 {keeps fighting.} 34. Kf4 Kc5) 34. Kf4 Kb7 35. e6 c5 36. Ke5 {[%emt 0:00:14] Hoping for Rf7.} Kc6 (36... Ba2 {might work better.} 37. Rf8 Nc8) 37. h4 b4 {[%emt 0:02:53] Weighted Error Value: White=0.22 (precise) /Black=0.50} 1-0

[Event "Oceania Zonal Open 2023"]
[Site "Melbourne"]
[Date "2023.01.25"]
[Round "5.6"]
[White "Nemeth, John"]
[Black "Papantoniou, John"]
[Result "0-1"]
[ECO "D34"]
[WhiteElo "2157"]
[BlackElo "2067"]
[Annotator "TA"]
[PlyCount "54"]
[EventDate "2023.01.09"]
[EventType "swiss"]
[EventCountry "AUS"]
[SourceTitle "playchess.com"]
[Source "ChessBase"]
[SourceQuality "1"]
[TimeControl "5400+30"]

1. Nf3 d5 2. g3 c5 3. c4 e6 4. Bg2 Nc6 5. O-O Nf6 6. cxd5 exd5 7. d4 Be7 8. Nc3 O-O 9. Bf4 {[%emt 0:10:30] Recently 9.dxc5 got a lot of attention.} c4 10. Ne5 {[%emt 0:04:58] D34: Tarrasch Defence: 6 g3 Nf6 7 Bg2 Be7.} Be6 11. Qd2 (11. Nxc4 $14 dxc4 12. d5) 11... Qb6 $11 12. Rad1 {[%emt 0:04:59] The position is equal.} Rfd8 {[%emt 0:02:50] [#]} 13. Be3 $146 ({Predecessor:} 13. h3 Rac8 14. Be3 Bb4 15. Qc2 Qa5 16. f4 Bxc3 17. bxc3 Ne4 18. f5 Bd7 19. Bxe4 Nxe5 20. dxe5 {1-0 Ploehn,H (2148)-Stauch,E (2089) Regionalliga NW 1112 2011 (3.1)}) 13... Ne8 14. Qc2 (14. Nxc4 $5 dxc4 15. d5 $14 {[%mdl 64] Discovered Attack}) 14... Qa6 15. f4 (15. Rfe1 {seems wilder.} Rac8 16. a3 Nc7 17. Bf4) 15... f5 $1 {[%emt 0:04:36] [#]} 16. g4 $1 g6 17. g5 b5 18. a3 Rab8 19. h4 Qb6 20. Nxc6 (20. Bf2 $11 {keeps the balance.}) 20... Qxc6 $17 21. h5 Nd6 22. Bf3 a5 23. Kg2 Bf8 (23... b4 $142 24. axb4 axb4) 24. Bc1 (24. Ra1 $17) 24... b4 $19 25. axb4 (25. Nb1 {might work better.}) 25... axb4 26. Nb1 Ne4 {[%emt 0:01:01] [#] And now ...b3 would win.} 27. Rh1 $2 (27. Be3) 27... b3 {[%emt 0:00:25] Weighted Error Value: White=0.56/Black=0.08 (flawless)} 0-1

[Event "Oceania Zonal Open 2023"]
[Site "Melbourne"]
[Date "2023.01.25"]
[Round "5.7"]
[White "Morris, James"]
[Black "Stead, Kerry"]
[Result "1-0"]
[ECO "B11"]
[WhiteElo "2456"]
[BlackElo "1952"]
[Annotator "TA"]
[PlyCount "39"]
[EventDate "2023.01.09"]
[EventType "swiss"]
[EventCountry "AUS"]
[SourceTitle "playchess.com"]
[Source "ChessBase"]
[SourceQuality "1"]
[TimeControl "5400+30"]

1. e4 c6 2. Nc3 d5 3. Nf3 Bg4 4. h3 Bxf3 5. Qxf3 dxe4 6. Nxe4 Nd7 {[%emt 0:00:12] 6...Nd7 is better than 6...e6. B11: Caro-Kann: Two Knights Variation.} 7. g3 Ngf6 8. Bg2 e6 {[%emt 0:01:05] The position is equal.} 9. O-O Nxe4 10. Qxe4 Nf6 11. Qe2 Bd6 12. d4 Qc7 {[%emt 0:01:45] [#]} 13. b3 $146 ({Predecessor:} 13. c3 O-O 14. Bg5 Nd7 15. a4 Rfe8 16. a5 e5 17. d5 e4 18. dxc6 Qxc6 {0-1 Bosnjak,P (2255)-Hasangatin,R (2502) Titled Tuesday intern op 17th April blitz 2017 (9)}) 13... O-O-O 14. Bb2 (14. c4 $16) 14... Rhe8 15. c4 c5 (15... h5 $1 $14) 16. b4 cxb4 (16... cxd4 $16 17. c5 Be7) 17. a3 bxa3 $2 (17... b3 {was worth a try.} 18. Qf3 e5) 18. Bxa3 $18 {[%emt 0:05:57] This pair of bishops is nice.} b6 $2 {[%emt 0:24:31] [#]} (18... Bxa3 19. Rxa3 b6) 19. c5 $1 bxc5 (19... Nd5 20. cxd6) 20. dxc5 {[%emt 0:02:09] Weighted Error Value: White=0.14 (very precise) /Black=0.43} 1-0

[Event "Oceania Zonal Open 2023"]
[Site "Melbourne"]
[Date "2023.01.26"]
[Round "5.7"]
[White "Archer, Ollie"]
[Black "Rujevic, Mirko"]
[Result "1/2-1/2"]
[ECO "D36"]
[WhiteElo "1960"]
[BlackElo "2141"]
[Annotator "TA"]
[PlyCount "100"]
[EventDate "2023.01.09"]
[EventType "swiss"]
[EventCountry "AUS"]
[SourceTitle "playchess.com"]
[Source "ChessBase"]
[SourceQuality "1"]
[TimeControl "5400+30"]

1. d4 Nf6 2. c4 e6 3. Nf3 d5 4. Nc3 Bb4 5. cxd5 exd5 6. Bg5 c6 7. Qc2 Nbd7 8. e3 O-O 9. Bd3 h6 10. Bh4 Re8 11. O-O Bd6 12. Rab1 a5 {[%emt 0:01:18] D36: Queen's Gambit Declined: Exchange Variation: Main line (5 Bg5 c6 6 Qc2).} 13. a3 g5 {[%emt 0:07:23] [#]} 14. Bg3 $146 ({Predecessor:} 14. Nxg5 hxg5 15. Bxg5 Bxh2+ 16. Kh1 Kg7 17. g3 Rh8 18. Kg2 Nf8 19. Bf5 Rh5 20. f4 {½-½ Wagener,C (1952)-Batagel,L (1850) Luxembourg-chT 9900 1999 (2)}) 14... Bxg3 {[%emt 0:00:08] White is slightly better.} 15. hxg3 Ng4 16. Nh2 Nxh2 17. Kxh2 Nf6 18. Rh1 Ng4+ 19. Kg1 Qf6 (19... Kg7 $11) 20. Re1 $14 Kg7 21. Qd2 Qd6 22. Bc2 (22. f3 $16) 22... f5 (22... b6 $11 {and Black stays safe.}) 23. f3 $18 Nf6 {[%emt 0:01:52] [#]} 24. g4 b5 25. gxf5 b4 26. Na4 {[%emt 0:10:07] Nc5 is the strong threat.} bxa3 27. e4 $4 (27. bxa3 $18 {and all is fine. aiming for Nc5.} Qxa3 28. g4) 27... Qb4 {[%emt 0:07:26][%mdl 8192] Dodges Nc5} (27... dxe4 $1 $19 28. Bxe4 (28. fxe4 $2 {loses.} Bxf5 29. e5 Rxe5 $19) 28... Bxf5 29. Bxf5 Rxe1+ 30. Qxe1 Re8) 28. Qxb4 axb4 29. e5 Ng8 {[%emt 0:00:34][%cal Oc8f5] And now ...Bxf5! would win.} 30. bxa3 $2 {[%emt 0:00:21] [#]} ({Better is} 30. g4 $18) 30... Bxf5 $1 $11 {[%emt 0:00:35][%mdl 64] Deflection} 31. Bxf5 Rxa4 32. axb4 Ne7 33. Be6 (33. Bd7 $5 Rd8 34. Be6 $11) 33... Rxb4 34. Rd1 Ra8 35. f4 {[%emt 0:01:49][%mdl 64] Deflection} gxf4 {[%emt 0:00:13] Hoping for ...Raa4.} 36. Rh4 {[%emt 0:00:09] Threatens to win with Rg4+.} Ng6 37. Rg4 {[%emt 0:00:07] [#]} (37. Rh5 $11) 37... h5 ({Black should try} 37... Rf8 $1 $17 {Black wants to play ...h5.} 38. Rd2 h5) 38. Rg5 {[%emt 0:00:16] Bf5 would be deadly.} Kh6 39. Rf5 Rf8 40. Rxf8 (40. Bf7 $11 Rb2 41. Kh1 (41. Bxg6 Rg8 $11)) 40... Nxf8 {[%emt 0:00:01][%mdl 4096] Endgame KRB-KRN} 41. Bf7 {[%emt 0:00:15] [#]} (41. Rc1 $142) 41... Rb7 (41... Ng6 $1 $17 {With the idea ...Ne7.} 42. Be8 Ne7) 42. Be8 {[%emt 0:00:37] The position is equal.} Rc7 {[%emt 0:00:46] Strongly threatening ...Ne6.} 43. Rc1 Ne6 44. Rxc6 Rxc6 45. Bxc6 Nxd4 46. Bxd5 {[%emt 0:00:06] KB-KN} Kg5 47. Be4 h4 48. Kf2 Kg4 49. Bd3 Nc6 50. e6 Ne7 {[%emt 0:00:08] Weighted Error Value: White=0.50/Black=0.42} 1/2-1/2